 Dungeon Crawl Stone Soup version 0.25.1-2-g60ff931df9 (webtiles) character file.

Game seed: 16750722387380113314

106 DogServant the Insei (level 4, -8/36 HPs)
             Began as a Draconian Transmuter on Oct 17, 2020.
             Killed by nerve-wracking pain
             ... invoked by Grinder
              (13 damage)
             ... on level 3 of the Dungeon.
             The game lasted 00:04:25 (2120 turns).

DogServant the Insei (Draconian Transmuter)         Turns: 2120, Time: 00:04:25

Health: -8/36      AC:  5    Str: 12    XL:     4   Next: 55%
Magic:  3/7        EV: 12    Int: 13    God:
Gold:   131        SH:  0    Dex: 13    Spells: 1/7 levels left

rFire    . . .     SeeInvis .     - Unarmed
rCold    . . .     Gourm    .   (no shield)
rNeg     . . .     Faith    .   (armour unavailable)
rPois    .         Spirit   .   (helmet restricted)
rElec    .         Reflect  .   (no cloak)
rCorr    .         Harm     .   (no gloves)
MR       .....                  (no boots)
Stlth    +.........             (no amulet)
HPRegen  0.12/turn              (no ring)
MPRegen  0.10/turn              (no ring)

@: no status effects
A: unfitting armour, cold-blooded, AC +5
a: no special abilities


You were on level 3 of the Dungeon.
You were hungry.

You visited 1 branch of the dungeon, and saw 3 of its levels.

You collected 131 gold pieces.

Inventory:

Missiles
 a - 86 arrows
 n - 16 poisoned darts (quivered)
Armour
 i - a +1 hat
Scrolls
 b - a scroll of magic mapping {unknown}
 d - a scroll of random uselessness {unknown}
 h - 2 scrolls of teleportation {unknown}
 j - a scroll of amnesia {unknown}
 k - a scroll of identify {unknown}
 m - a scroll of fog {unknown}
Potions
 e - a potion of brilliance {unknown}
 f - 4 potions of curing {unknown}
 g - a potion of ambrosia {unknown}
 l - a potion of haste {unknown}
Comestibles
 c - 2 rations
 o - 6 chunks of flesh


   Skills:
 - Level 2.0 Fighting
 - Level 1.7 Dodging
 + Level 4.4 Unarmed Combat
 - Level 2.0 Spellcasting
 + Level 3.2 Transmutations


You had one spell level left.
You knew the following spells:

 Your Spells              Type           Power        Failure   Level  Hunger
a - Beastly Appendage     Tmut           #.....       7%          1    ##.....
b - Sticks to Snakes      Tmut           #.......     11%         2    ###....
c - Spider Form           Tmut/Pois      #.........   36%         3    ####...

Your spell library contained the following spells:

 Spells                   Type           Power        Failure   Level  Hunger
 Animate Skeleton         Necr           N/A          26%         1    ##.....
 Pain                     Necr           #...         26%         1    ##.....
 Vampiric Draining        Necr           #.........   58%         3    ####...
 Ice Form                 Ice/Tmut       #.......     78%         4    #####..
 Blade Hands              Tmut           #.........   88%         5    ######.
 Animate Dead             Necr           N/A          94%         4    #####..
 Agony                    Necr           #.......     100%        5    ######.


Dungeon Overview and Level Annotations

Branches:
Dungeon (3/15)

Altars:

Annotations:
D:3 Grinder


Innate Abilities, Weirdness & Mutations

Your plain brown scales are hard. (AC +5)
You cannot fit into any form of body armour.
You are cold-blooded and may be slowed by cold attacks.


Message History

Pain shoots through your body! Grinder gestures at you.
Pain shoots through your body!
* * * LOW HITPOINT WARNING * * *
You hit Grinder.
Grinder is poisoned.
Grinder is lightly wounded.
Grinder closely misses you.
You hit Grinder.
Grinder is moderately wounded.
Grinder gestures at you.
You suddenly lose the ability to move!
Grinder blinks!
Your transformation has ended.
Grinder blinks!
You can move again.
You hit Grinder but do no damage.
Your tail-slap misses Grinder.
Grinder is heavily wounded.
Grinder gestures at you. Pain shoots through your body!
You die...

#############
#...........# #####
.####..###.###...#
###.@..........#
#...5.##.###...######
#.#..###.#
##.....รท.# #...
..........# #######.#
#... ###.######## #.#
#...# #.# #.# #...#
#.############# #.#
#...####
#.#...........# #.#
#...##.####
#.#.###.......# #.#


You could see Grinder (very poisoned).

Vanquished Creatures
  Natasha (D:3)
  3 adders
  3 leopard geckos
  5 orcs (D:3)
  6 bats
  6 goblins
  2 hobgoblins
  A ball python (D:1)
  5 frilled lizards (D:1)
  5 kobolds
  12 rats
49 creatures vanquished.

Vanquished Creatures (collateral kills)
  An adder (D:2)
1 creature vanquished.

Grand Total: 50 creatures vanquished

Notes
Turn   | Place    | Note
-------+----------+-------------------------------------------
     0 | D:1      | DogServant the Draconian Transmuter began the quest for the
                  | Orb.
     0 | D:1      | Reached XP level 1. HP: 16/16 MP: 3/3
   156 | D:1      | Reached XP level 2. HP: 22/23 MP: 3/5
   849 | D:2      | Learned a level 2 spell: Sticks to Snakes
  1089 | D:2      | Reached XP level 3. HP: 6/29 MP: 6/6
  1721 | D:3      | Learned a level 3 spell: Spider Form
  1772 | D:3      | Reached skill level 4 in Unarmed Combat
  1874 | D:3      | Reached XP level 4. HP: 24/36 MP: 4/7
  2052 | D:3      | Noticed Natasha
  2057 | D:3      | Killed Natasha
  2097 | D:3      | Noticed Grinder
  2115 | D:3      | Paralysed by Grinder for 5 turns
  2120 | D:3      | Killed from afar by Grinder

Illustrated notes

Levels and vault maps discovered:
D:1:      dpeg_arrival_ratfight, layout_rooms, hangedman_decor_opposing
D:2:      layout_rooms, moated_statue, minmay_3d_cube
D:3:      layout_loops_cross, first_ration, uniq_grinder, uniq_natasha,
          uniq_terence

Skill      XL: |  1  2  3  4 |
---------------+-------------+-----
Fighting       | 2 |  2.0
Unarmed Combat | 4 |  4.4
Transmutations | 3 |  3.2
Dodging        | |  1.7
Spellcasting   | |  2.0

Action                   |  1- 3 |  4- 6 || total
-------------------------+-------+-------++-------
Melee: Unarmed           |   125 |    15 ||   140
       Headbutt          |     3 |       ||     3
       Punch             |     2 |       ||     2
       Kick              |    12 |     5 ||    17
       Tailslap          |     8 |       ||     8
 Cast: Beastly Appendage |    24 |     4 ||    28
       Sticks to Snakes  |     3 |     1 ||     4
       Spider Form       |       |     1 ||     1
  Use: Potion            |     1 |       ||     1
 Stab: Sleeping          |     2 |       ||     2
  Eat: Chunk             |     1 |       ||     1
       Ration            |     1 |       ||     1
Armor: Skin              |    29 |       ||    29
Dodge: Dodged            |    73 |     4 ||    77
